AoeStats
← bullseyes

African Clearing

506104761Analyzed
4v4 RM · 21d ago on Sep 12, 2026· 66m 12s· 8 players
Game mode
Random Map
Map size
Large (8 player)
Population
200
Speed
Normal
Resources
Standard
Victory
Conquest
Starting age
Dark Age
Ending age
Imperial Age
RankedLock teamsTeams togetherTeam positionsShared explorationLock speedFull tech treeHidden civsTurbo modeCheats
Victory
Defeat
🇳🇱 Spanish · Netherlands
1783
+15
1780
+15
🇯🇵 Poles · Japan
1543
+24
🇧🇪 Wei · Belgium
1524
+25
🇧🇪 Aztecs · Belgium
1746
-20
🇰🇿 Malians · Kazakhstan
1740
-20
🇷🇺 Goths · Russia
1738
-20
🇮🇹 Wu · Italy
1731
-19
Dott_Berlu
5:05 Loom
13:14 Feudal Age
15:29 Double-Bit Axe
17:17 Fletching
26:57 Castle Age
28:30 Elite Skirmisher
30:18 Bow Saw
31:53 Padded Archer Armor
44:58 Horse Collar
46:13 Town Watch
49:17 Heavy Plow
52:36 Wheelbarrow
56:19 Imperial Age
54:59 Bloodlines
54:49 Husbandry
54:10 Light Cavalry
56:45 Hand Cart
57:12 Scale Mail Armor
57:24 Forging
57:42 Conscription
57:06 Pikeman
57:46 Squires
58:07 Gold Mining
58:08 Stone Mining
57:47 Halberdier
58:46 Chain Mail Armor
59:06 Iron Casting
60:04 Plate Mail Armor
60:59 Blast Furnace
60:05 Scale Barding Armor
60:31 Bodkin Arrow
61:01 Ballistics
60:52 Masonry
61:48 Hussar
63:41 Chain Barding Armor
63:22 Bracer
64:27 Chemistry
63:42 Caravan
65:14 Gold Shaft Mining
65:15 Stone Shaft Mining
65:54 Coinage
65:34 Guilds
JINX
5:34 Loom
11:29 Feudal Age
12:01 Double-Bit Axe
14:31 Forging
14:11 Fletching
21:35 Castle Age
20:01 Gold Mining
20:25 Town Watch
21:17 Scale Mail Armor
21:43 Crossbowman
22:18 Bodkin Arrow
23:01 Gold Shaft Mining
22:39 Bow Saw
24:16 Squires
26:45 Redemption
29:00 Fervor
30:42 Sanctity
34:37 Eagle Warrior
39:07 Ballistics
39:20 Pikeman
42:22 Wheelbarrow
42:53 Horse Collar
44:11 Murder Holes
46:16 Forging
48:47 Devotion
49:39 Wheelbarrow
52:13 Chain Mail Armor
54:58 Hand Cart
54:47 Heavy Plow
66:23 Imperial Age
65:25 Iron Casting
Blaaaa
10:40 Loom
14:01 Feudal Age
15:19 Double-Bit Axe
15:14 Horse Collar
22:41 Castle Age
24:09 Scale Mail Armor
24:53 Squires
31:22 Wheelbarrow
31:33 Chain Mail Armor
32:40 Bow Saw
42:12 Imperial Age
39:04 Pikeman
40:40 Forging
40:55 Hand Cart
41:23 Fletching
43:29 Iron Casting
42:20 Halberdier
43:23 Perfusion
43:32 Perfusion
45:37 Blast Furnace
45:21 Conscription
46:29 Masonry
46:49 Bodkin Arrow
48:16 Bracer
48:39 Ballistics
47:58 Elite Huskarl
48:59 Padded Archer Armor
50:05 Coinage
49:16 Elite Skirmisher
50:29 Leather Archer Armor
51:57 Anarchy
57:03 Chemistry
56:39 Architecture
59:46 Ring Archer Armor
SHell | Denchik_Ne_Lohx
10:41 Loom
13:00 Feudal Age
17:01 Castle Age
14:57 Double-Bit Axe
15:06 Horse Collar
15:56 Gold Mining
26:22 Squires
28:00 Scale Mail Armor
29:43 Forging
30:45 Heavy Plow
32:15 Wheelbarrow
32:26 Chain Mail Armor
32:06 Town Watch
32:41 Stone Mining
33:40 Fletching
36:46 Hand Cart
40:04 Imperial Age
38:25 Bodkin Arrow
38:51 Ballistics
38:51 Bloodlines
38:42 Husbandry
39:29 Scale Barding Armor
40:00 Iron Casting
40:54 Chain Barding Armor
40:05 Cavalier
40:57 Farimba
41:17 Conscription
42:19 Plate Barding Armor
42:23 Treadmill Crane
42:07 Light Cavalry
43:41 Crop Rotation
43:55 Conscription
44:40 Light Cavalry
46:29 Caravan
48:23 Gold Shaft Mining
48:23 Stone Shaft Mining
48:53 Coinage
49:36 Masonry
51:36 Chemistry
51:06 Architecture
55:06 Architecture
58:29 Heavy Camel Rider
60:36 Hoardings
65:30 Bow Saw
PraYs
13:28 Feudal Age
16:56 Castle Age
15:05 Double-Bit Axe
16:03 Horse Collar
16:17 Town Watch
17:57 Bow Saw
22:54 Loom
27:09 Gold Mining
28:51 Padded Archer Armor
29:35 Wheelbarrow
29:37 Stone Mining
31:03 Stone Shaft Mining
31:19 Bloodlines
31:26 Hand Cart
32:24 Leather Archer Armor
37:28 Imperial Age
35:39 Fletching
36:00 Masonry
36:11 Ballistics
37:34 Heavy Plow
37:47 Bodkin Arrow
38:42 Ring Archer Armor
38:36 Husbandry
39:08 Bracer
40:20 Conscription
40:32 Elite Conquistador
42:59 Chemistry
42:31 Architecture
44:13 Supremacy
44:29 Murder Holes
46:29 Hoardings
52:00 Scale Barding Armor
52:06 Forging
51:17 Light Cavalry
52:16 Hussar
53:17 Chain Barding Armor
55:40 Plate Barding Armor
58:51 Iron Casting
61:17 Blast Furnace
59:39 Cavalier
62:42 Scale Mail Armor
62:02 Pikeman
62:43 Squires
bullseyes
9:31 Loom
11:37 Feudal Age
12:17 Double-Bit Axe
12:29 Gold Mining
12:56 Town Watch
14:57 Fletching
18:43 Horse Collar
21:49 Castle Age
22:40 Bodkin Arrow
26:45 Wheelbarrow
42:49 Bow Saw
43:56 Hand Cart
43:47 Heavy Plow
47:24 Imperial Age
45:07 Tuntian
46:09 Thumb Ring
46:19 Bloodlines
46:14 Husbandry
46:54 Scale Barding Armor
47:00 Forging
47:32 Thumb Ring
47:34 Stone Mining
48:16 Bracer
48:55 Conscription
50:00 Chain Barding Armor
50:15 Iron Casting
50:47 Ming Guang Armor
51:51 Padded Archer Armor
52:13 Elite Tiger Cavalry
57:37 Parthian Tactics
58:23 Blast Furnace
57:38 Leather Archer Armor
61:17 Leather Archer Armor
64:20 Light Cavalry
65:22 Hussar
自有大儒为我辩经
9:34 Loom
12:19 Feudal Age
13:18 Double-Bit Axe
13:51 Fletching
41:26 Castle Age
39:58 Horse Collar
40:13 Gold Mining
40:48 Stone Mining
43:07 Bloodlines
42:58 Husbandry
43:36 Scale Barding Armor
45:45 Chain Barding Armor
47:54 Forging
50:57 Wheelbarrow
52:49 Scale Mail Armor
53:24 Iron Casting
54:36 Gold Shaft Mining
57:59 Imperial Age
55:04 Pikeman
55:46 Squires
55:16 Man-at-Arms
55:42 Arson
56:02 Long Swordsman
57:47 Chain Mail Armor
59:11 Stone Shaft Mining
58:48 Bow Saw
59:22 Hand Cart
58:57 Two-Handed Swordsman
60:19 Heavy Plow
60:21 Champion
62:06 Blast Furnace
62:16 Chemistry
63:05 Caravan
65:04 Town Watch
66:37 Padded Archer Armor
Songoku
5:06 Loom
14:11 Feudal Age
18:13 Castle Age
16:55 Double-Bit Axe
24:22 Town Watch
26:20 Wheelbarrow
27:57 Bow Saw
29:26 Szlachta Privileges
30:26 Bloodlines
30:27 Scale Barding Armor
29:58 Light Cavalry
31:02 Fletching
32:14 Bodkin Arrow
32:24 Husbandry
32:29 Horse Collar
33:15 Forging
35:53 Chain Barding Armor
37:11 Hand Cart
39:49 Iron Casting
39:41 Scale Mail Armor
44:16 Imperial Age
44:21 Cavalier
44:41 Capped Ram
46:36 Blast Furnace
45:26 Winged Hussar
47:00 Conscription
47:43 Bracer
53:04 Masonry
52:35 Treadmill Crane
56:51 Chain Mail Armor
57:18 Padded Archer Armor
57:17 Crossbowman
58:04 Squires
57:38 Pikeman
59:25 Hoardings
58:27 Arbalester
59:37 Thumb Ring
60:31 Ballistics
62:51 Gold Mining
63:14 Murder Holes
64:22 Chemistry
Connection lost

Rejoining the realm…

Still unreachable

The connection could not be restored.

Session expired

The server has moved on; the page needs a fresh start.